 Dungeon Crawl Stone Soup version 0.30-a0-553-g7fabdf1491 (webtiles) character file.

Game seed: 12010508977275144342

78644 freelancePsychic the Warrior (level 15, -6/180 HPs)
             Began as an Ogre Brigand on Dec 26, 2022.
             Was the Champion of Wu Jian.
             Mangled by a golden dragon simulacrum (24 damage)
             ... in an ice cave.
             The game lasted 00:50:55 (19512 turns).

freelancePsychic the Warrior (Ogre Brigand)        Turns: 19512, Time: 00:50:56

Health: -6/180     AC: 16    Str: 28    XL:     15   Next: 60%
Magic:  25/25      EV: 13    Int: 19    God:    Wu Jian [******]
Gold:   2334       SH:  0    Dex: 21    Spells: 14/14 levels left

rFire   + + .      SeeInvis .    a - +1 giant club (spect)
rCold   + . .      Faith    +    (shield currently unavailable)
rNeg    + . .      Spirit   .    i - +0 fire dragon scales
rPois   .          Reflect  .    P - +3 hat of Pondering {ponderous, Will+ MP+10 Int+5}
rElec   .          Harm     .    c - +2 cloak
rCorr   .          Rampage  .    (gloves unavailable)
Will    ++...                    (boots unavailable)
Stlth   +                        x - amulet of Propriety {Faith Regen+ Dex+5}
HPRegen 1.30/turn                s - ring "Cejin" {Drain rC+ rN+ Str+9 Int+2}
MPRegen 0.19/turn                X - ring of protection from cold

@: about to teleport, attractive, hasted and slowed, studying Throwing, slow
A: large, unfitting armour, tough skin 1
a: Renounce Religion, Wall Jump, Serpent's Lash, Heavenly Storm


You were in an ice cave.
You worshipped Wu Jian.
Wu Jian was exalted by your worship.
You visited 2 branches of the dungeon, and saw 20 of its levels.
You also visited: Gauntlet and Ice Cave.

You collected 2334 gold pieces.

Inventory:

Hand Weapons
 a - a +1 spectral giant club (weapon)
 b - a +1 giant spiked club of freezing
Missiles
 d - 71 poisoned darts
 e - a curare-tipped dart
 l - 9 javelins
 Q - 23 large rocks (quivered)
 W - 2 throwing nets
 Z - 7 boomerangs
Armour
 c - a +2 cloak (worn)
 i - +0 fire dragon scales (worn)
 q - a +2 tower shield of cold resistance
 w - a +1 animal skin
 O - a +0 troll leather armour
 P - the +3 hat of Pondering (worn) {ponderous, Will+ MP+10 Int+5}
   (You took it off Gastronok on level 2 of the Lair of Beasts)

   Int:       It affects your intelligence (+5).
   MP:        It affects your magic capacity (+10).
   Will:      It increases your willpower.
Jewellery
 s - the ring "Cejin" (left hand) {Drain rC+ rN+ Str+9 Int+2}
   (You acquired it on level 3 of the Dungeon)

   [ring of positive energy]

   Str:       It affects your strength (+9).
   Int:       It affects your intelligence (+2).
   rC:        It protects you from cold.
   rN:        It protects you from negative energy.
   Drain:     It drains your maximum health when unequipped.
 x - the amulet of Propriety (around neck) {Faith Regen+ Dex+5}
   (You acquired it on level 4 of the Dungeon)

   [amulet of faith]

   It allows you to gain divine favour quickly.
   Dex:       It affects your dexterity (+5).
   Regen:     It increases your rate of health regeneration.
 z - a ring of poison resistance
 J - a +4 ring of protection
 K - a ring of flight
 L - the ring of Tecijecati {Will+ rCorr Int+7 Slay-4}
   (You found it in a Gauntlet)

   [ring of resist corrosion]

   Int:       It affects your intelligence (+7).
   Slay:      It affects your accuracy & damage with ranged weapons and melee
   (-4).
   rCorr:     It protects you from acid and corrosion.
   Will:      It increases your willpower.
 S - the ring of Fucue {Wiz Fly Str-5 Dex+8 Stlth+}
   (You found it on level 5 of the Lair of Beasts)

   [ring of wizardry]

   It improves your spell success rate.
   Str:       It affects your strength (-5).
   Dex:       It affects your dexterity (+8).
   Fly:       It grants you flight.
   Stlth:     It makes you more stealthy.
 X - a ring of protection from cold (right hand)
Wands
 f - a wand of quicksilver (2)
 y - a wand of flame (37)
 B - a wand of mindburst (23)
 C - a wand of iceblast (25)
 M - a wand of polymorph (15)
 R - a wand of digging (19)
 Y - a wand of charming (6)
Scrolls
 k - 3 scrolls of teleportation {@r4}
 m - 3 scrolls of poison
 u - 3 scrolls of silence
 E - 3 scrolls of magic mapping
 F - 2 scrolls of immolation
 G - a scroll of blinking
 H - 5 scrolls of enchant armour
 N - 2 scrolls of amnesia
 V - 2 scrolls of fear
Potions
 g - 6 potions of mutation
 h - 4 potions of cancellation
 j - a potion of resistance
 n - 10 potions of curing {@q1}
 o - a potion of heal wounds {@q2}
 r - 4 potions of haste {@q3}
 A - 3 potions of might
 D - 4 potions of brilliance
 T - a potion of magic {unknown}
 U - 3 potions of ambrosia {unknown}
Miscellaneous
 p - a phial of floods
 t - a condenser vane


   Skills:
 + Level 19.1 Fighting
 - Level 2.0 Short Blades
 * Level 16.3 Maces & Flails
 - Level 12.9 Throwing
 - Level 4.6 Armour
 + Level 9.2 Dodging
 - Level 3.0 Stealth


You had 14 spell levels left.
You didn't know any spells.
Your spell library contained the following spells:

 Spells                   Type           Power      Damage    Failure   Level
 Beastly Appendage        Tmut           0%         N/A       45%         1
 Foxfire                  Conj/Fire      0%         2x1d4     45%         1
 Necrotise                Necr           0%         1d4       45%         1
 Summon Small Mammal      Summ           0%         N/A       45%         1
 Ensorcelled Hibernation  Hex/Ice        0%         N/A       58%         2
 Passwall                 Tmut/Erth      0%         N/A       58%         2
 Wereblood                Tmut           0%         N/A       58%         2
 Call Canine Familiar     Summ           0%         N/A       83%         3
 Dazzling Flash           Conj/Hex       0%         N/A       83%         3
 Spider Form              Tmut/Pois      0%         N/A       83%         3
 Summon Guardian Golem    Hex/Summ       0%         N/A       83%         3
 Swiftness                Air            0%         N/A       83%         3
 Vampiric Draining        Necr           0%         2d6       83%         3
 Anguish                  Hex/Necr       0%         N/A       99%         4
 Agony                    Necr           0%         N/A       100%        5
 Fireball                 Conj/Fire      0%         3d3       100%        5
 Silence                  Hex/Air        0%         N/A       100%        5
 Starburst                Conj/Fire      0%         6d3       100%        6
 Enfeeble                 Hex            0%         N/A       100%        7


Dungeon Overview and Level Annotations

Branches:
Dungeon (15/15)            Temple (0/1) D:7            Lair (5/5) D:8
 Shoals (0/4) Lair:3       Spider (0/4) Lair:2        Slime (0/5) Lair:4
    Orc (0/2) D:9          Vaults (0/5) D:14         Depths (0/4) D:15
  IceCv (1/1)             Gauntlet (visited)

Altars:
Elyvilon
Gozag
Kikubaaqudgha
Makhleb
Nemelex Xobeh
Ru
Sif Muna
Trog
Vehumet
Wu Jian
Jiyva

Shops:
D:3 *   D:14 *

Portals:
Trove: D:11 (show abyssal rune of Zot)

Annotations:
D:3 2 runed translucent doors, Crazy Yiuf; Pokonic1's ghost, amateur HOMo
D:10 exclusions: gargoyle and 3 water elementals
D:14 3 runed translucent doors, SirDiesAlot's ghost, journeyman MiFi


Innate Abilities, Weirdness & Mutations

You are too large for most types of armour.
You have tough skin. (AC +1)


Message History

You barely miss the freezing wraith.
The freezing wraith is almost destroyed.
The freezing wraith barely misses you.
The freezing wraith hits you but does no damage.
The golden dragon simulacrum is attracted toward you.
You sock the freezing wraith!
You destroy the freezing wraith!
The Council accepts your kill.
The golden dragon simulacrum is attracted toward you.
You sock the golden dragon simulacrum!
The golden dragon simulacrum is moderately damaged.
The Ice Fiend is attracted toward you.
You barely miss the golden dragon simulacrum.
The golden dragon simulacrum is moderately damaged.
The golden dragon simulacrum bites you but does no damage.
The golden dragon simulacrum claws you but does no damage.
The golden dragon simulacrum tramples you but does no damage.
As you read the scroll of teleportation {@r4}, it crumbles to dust.
You feel strangely unstable.
The golden dragon simulacrum closely misses you.
The golden dragon simulacrum claws you.
* * * LOW HITPOINT WARNING * * *
The golden dragon simulacrum freezes you!
You resist.
* * * LOW HITPOINT WARNING * * *
The golden dragon simulacrum tramples you!
* * * LOW HITPOINT WARNING * * *
You hold your ground!
You feel much better.
The Ice Fiend calls on the powers of darkness!
Your body is wracked with pain!
* * * LOW HITPOINT WARNING * * *
You sock the golden dragon simulacrum!
The golden dragon simulacrum is heavily damaged.
The golden dragon simulacrum closely misses you.
The golden dragon simulacrum claws you!
* * * LOW HITPOINT WARNING * * *
The golden dragon simulacrum freezes you!!
You resist.
You die...

#.# +(......'.#.#
#.###(8...8.###.#
#.'...........'.#
#.###.8...8.###.#
#.#.'.......'.#†#
#.###.8...8.###.#
#.#.'......1'.#.#
#'###'#...#Z###'#
#.. #.#...#@#...#
### ###...###†###
#...#..†#
##+#...#'###
#⌠)##'##.⌠#
###.W#...#..###
#.####...####.#
##.............##
#...............#


You could see an Ice Fiend and a golden dragon simulacrum.

Vanquished Creatures
  Gastronok (Lair:2)
  A minotaur (Gauntlet)
  A fire dragon (Lair:5)
  3 caustic shrike simulacra (IceCv)
  An ice dragon (D:15)
  4 hydras
  3 two-headed ogres
  A death knight (D:13)
  2 centaur warriors
  9 boulder beetles
  A catoblepas (D:13)
  A death scarab (Gauntlet)
  3 death yaks (Lair:5)
  6 skeletal warriors (D:14)
  2 obsidian statues (IceCv)
  3 bog bodies (IceCv)
  A spriggan simulacrum (IceCv)
  2 wizards (D:14)
  A lindwurm (Lair:5)
  2 phantasmal warriors (D:13)
  A swamp dragon (Lair:5)
  3 deep elf pyromancers
  A necromancer (D:14)
  5 ugly things (D:13)
  5 cyclopes
  A faun (shapeshifter) (D:14)
  2 manticores
  A merfolk siren (Lair:3)
  6 elephants
  4 black mambas
  12 cane toads
  4 gargoyles
  2 torpor snails
  An unseen horror (D:12)
  5 rime drakes
  7 komodo dragons
  An efreet (Gauntlet)
  6 freezing wraiths
  An anaconda simulacrum (IceCv)
  2 golden dragon simulacra (IceCv)
  3 kobold demonologists (D:11)
  4 tengu conjurers
  A merfolk (Lair:3)
  8 trolls
  A tyrant leech (Lair:5)
  2 polar bears
  A wolf spider simulacrum (D:14)
  A polar bear (shapeshifter) (D:13)
  A hornet (D:10)
  12 dream sheep
  17 slime creatures
  A raiju (Gauntlet)
  A water elemental (D:10)
  3 culicivoras (Lair:2)
  A wyvern (Lair:5)
  A shadow (D:13)
  A wraith (D:9)
  50 yaks
  3 fire elementals
  2 basilisks
  A golden eye (shapeshifter) (D:13)
  8 vampire mosquitoes
  A minotaur simulacrum (IceCv)
  A spectral cane toad (Gauntlet)
  4 steam dragons
  2 harpy simulacra
  4 acid dragons
  4 swamp worms (Lair:5)
  A hell hound (Gauntlet)
  A hydra simulacrum (IceCv)
  5 water moccasins
  Duvessa (D:5)
  A floating eye (shapeshifter) (D:14)
  3 ettin simulacra (IceCv)
  6 orc warriors
  An ice beast (D:6)
  A swamp drake (Lair:5)
  2 black bears (D:7)
  3 ogres
  9 wolves
  A phantom (D:4)
  10 centaurs
  8 kobold brigands
  11 bullfrogs
  A necrophage (D:7)
  3 scorpions
  6 wights
  Dowan (D:5)
  5 killer bees
  A lindwurm simulacrum (IceCv)
  5 howler monkeys
  A jelly (D:7)
  6 orc priests
  4 hounds
  A gnoll bouda (D:4)
  4 iguanas (Lair:5)
  Terence (D:2)
  4 hell rats (Lair:5)
  18 orc wizards
  Natasha (thrice) (D:3)
  Robin (D:3)
  7 gnolls
  9 adders
  A shadow imp (D:6)
  2 white imps
  2 ufetubi
  A worm (D:2)
  42 orcs
  6 ball pythons
  6 bats
  5 endoplasms
  2 giant cockroaches
  12 hobgoblins
  3 jackals (D:1)
  6 quokkas
  5 frilled lizards
  14 goblins
  39 kobolds
  4 rats
552 creatures vanquished.

Vanquished Creatures (others)
  An orc wizard (D:9)
  A quokka (D:8)
  5 demonic plants (Gauntlet)
  13 fungi
  29 plants
  5 withered plants (D:8)
54 creatures vanquished.

Grand Total: 606 creatures vanquished

Notes
Turn   | Place    | Note
-------+----------+-------------------------------------------
     0 | D:1      | freelancePsychic the Ogre Brigand began the quest for the
                  | Orb.
     0 | D:1      | Reached XP level 1. HP: 22/22 MP: 1/1
    45 | D:1      | Reached skill level 1 in Dodging
    63 | D:1      | Found a faded altar of an unknown god.
    78 | D:1      | Prayed at the altar of an unknown god.
    78 | D:1      | Became a worshipper of the Wu Jian Council
    78 | D:1      | Reached * piety under Wu Jian
   125 | D:1      | Reached skill level 3 in Fighting
   125 | D:1      | Reached XP level 2. HP: 27/31 MP: 2/2
   448 | D:1      | Reached XP level 3. HP: 32/37 MP: 3/3
   633 | D:1      | Reached ** piety under Wu Jian
  1273 | D:2      | Reached skill level 4 in Fighting
  1273 | D:2      | Reached skill level 1 in Maces & Flails
  1273 | D:2      | Reached XP level 4. HP: 48/48 MP: 4/4
  1673 | D:2      | Noticed a scorpion
  1674 | D:2      | Noticed Terence
  1682 | D:2      | Killed a scorpion
  1683 | D:2      | Reached XP level 5. HP: 33/55 MP: 5/5
  1687 | D:2      | Killed Terence
  1688 | D:2      | Reached skill level 5 in Fighting
  2097 | D:3      | Found a runed translucent door.
  2097 | D:3      | Noticed Pokonic1's ghost (amateur HOMo)
  2124 | D:3      | Noticed Robin
  2145 | D:3      | Killed Robin
  2245 | D:3      | Reached *** piety under Wu Jian
  2278 | D:3      | Found Aptyihil's General Store.
  2286 | D:3      | Identified 2 scrolls of acquirement
  2295 | D:3      | Acquired the ring "Cejin" {Drain rC+ rN+ Str+9 Int+2}
  2300 | D:3      | Acquired a manual of Throwing
  2330 | D:3      | Noticed Natasha
  2340 | D:3      | Killed Natasha
  2341 | D:3      | Reached XP level 6. HP: 60/66 MP: 6/6
  2354 | D:3      | Noticed Natasha
  2370 | D:3      | Killed Natasha
  2394 | D:3      | Noticed Natasha
  2402 | D:3      | Killed Natasha
  2592 | D:3      | Found a runed translucent door.
  2593 | D:3      | Noticed Crazy Yiuf
  3269 | D:4      | Found the +1 Delatra's gloves {ID++}
  3324 | D:4      | Acquired 807 gold pieces
  3499 | D:4      | Reached skill level 6 in Fighting
  3507 | D:4      | Reached XP level 7. HP: 44/75 MP: 7/7
  3638 | D:4      | Acquired the amulet of Propriety {Faith Regen+ Dex+5}
  3939 | D:4      | Reached skill level 7 in Fighting
  4196 | D:5      | Entered Level 5 of the Dungeon
  4301 | D:5      | Found a sacrificial altar of Ru.
  4311 | D:5      | Reached **** piety under Wu Jian
  4312 | D:5      | Reached skill level 5 in Throwing
  4335 | D:5      | Reached XP level 8. HP: 65/87 MP: 8/8
  4386 | D:5      | Noticed Duvessa
  4386 | D:5      | Noticed Dowan
  4416 | D:5      | Killed Duvessa
  4417 | D:5      | Reached skill level 5 in Maces & Flails
  4420 | D:5      | Killed Dowan
  5020 | D:6      | Reached skill level 8 in Fighting
  5198 | D:6      | Found a shimmering blue altar of Sif Muna.
  5278 | D:6      | Reached skill level 9 in Fighting
  5297 | D:6      | Reached XP level 9. HP: 50/97 MP: 9/9
  5493 | D:6      | Found a large runed translucent door.
  5493 | D:6      | Found a large runed translucent door.
  5989 | D:6      | Found a sparkling altar of Nemelex Xobeh.
  6028 | D:6      | Found a burning altar of Makhleb.
  6174 | D:7      | Found a radiant altar of Vehumet.
  6282 | D:7      | Reached skill level 10 in Fighting
  6439 | D:7      | Found a staircase to the Ecumenical Temple.
  6670 | D:7      | Found a bloodstained altar of Trog.
  7244 | D:8      | Found a staircase to the Lair.
  7262 | D:8      | Found a white marble altar of Elyvilon.
  7392 | D:8      | Reached skill level 10 in Throwing
  7497 | D:8      | Found an ancient bone altar of Kikubaaqudgha.
  7877 | D:9      | Noticed a troll
  7893 | D:9      | Reached XP level 10. HP: 83/111 MP: 10/10
  7899 | D:9      | Reached skill level 11 in Fighting
  8010 | D:9      | Found a staircase to the Orcish Mines.
  8035 | D:9      | Reached ***** piety under Wu Jian
  8699 | D:9      | Noticed a two-headed ogre
  8730 | D:9      | Killed a two-headed ogre
  8731 | D:9      | Reached skill level 12 in Fighting
  8871 | D:10     | Entered Level 10 of the Dungeon
  8926 | D:10     | Noticed a gargoyle
  9144 | D:10     | Reached XP level 11. HP: 114/124 MP: 11/11
  9146 | D:10     | Reached skill level 13 in Fighting
  9695 | D:11     | Noticed a boulder beetle
  9716 | D:11     | Killed a boulder beetle
  9918 | D:11     | Found a portal to a secret trove of treasure.
  9989 | Lair:1   | Entered Level 1 of the Lair of Beasts
 10193 | Lair:1   | Reached skill level 14 in Fighting
 10228 | Lair:1   | Reached skill level 10 in Maces & Flails
 10688 | Lair:1   | Reached XP level 12. HP: 90/140 MP: 12/12
 11004 | Lair:2   | Reached skill level 5 in Dodging
 11170 | Lair:2   | Noticed Gastronok
 11279 | Lair:2   | Killed Gastronok
 11280 | Lair:2   | Reached skill level 15 in Fighting
 11406 | Lair:2   | Found a hole to the Spider Nest.
 11608 | Lair:2   | Identified the +2 hand axe of Might {drain, Fly rElec rN+}
 11813 | Lair:2   | Noticed a boulder beetle
 11829 | Lair:2   | Killed a boulder beetle
 12432 | Lair:3   | Found a staircase to the Shoals.
 12638 | Lair:3   | Noticed a four-headed hydra
 12642 | Lair:3   | Killed a four-headed hydra
 13059 | Lair:4   | Reached XP level 13. HP: 152/152 MP: 13/13
 13337 | Lair:4   | Found a staircase to the Slime Pits.
 13340 | Lair:4   | Found a viscous altar of Jiyva.
 13382 | Lair:4   | Reached skill level 16 in Fighting
 13813 | Lair:5   | Entered Level 5 of the Lair of Beasts
 14531 | Lair:5   | Noticed a fire dragon
 14543 | Lair:5   | Killed a fire dragon
 14552 | Lair:5   | Reached skill level 17 in Fighting
 14825 | Lair:5   | Identified the ring of Fucue {Wiz Fly Str-5 Dex+8 Stlth+}
 15323 | D:10     | Reached skill level 1 in Armour
 15323 | D:10     | Reached XP level 14. HP: 166/166 MP: 14/14
 16125 | D:13     | Found a gate leading to a gauntlet.
 16135 | Gauntlet | Entered a Gauntlet
 16135 | Gauntlet | Found a transporter.
 16143 | Gauntlet | Found a transporter.
 16145 | Gauntlet | Found a transporter.
 16150 | Gauntlet | Found a runed translucent door.
 16150 | Gauntlet | Found a runed translucent door.
 16155 | Gauntlet | Found a transporter.
 16158 | Gauntlet | Found a transporter.
 16168 | Gauntlet | Found a transporter.
 16183 | Gauntlet | Found a transporter.
 16194 | Gauntlet | Found a transporter.
 16201 | Gauntlet | Found a runed translucent door.
 16207 | Gauntlet | Found a transporter.
 16222 | Gauntlet | Found a transporter.
 16237 | Gauntlet | Found a transporter.
 16237 | Gauntlet | Found a transporter.
 16239 | Gauntlet | Found the +0 pair of fencer's gloves {Riposte Dex+3}
 16291 | Gauntlet | Found a transporter.
 16291 | Gauntlet | Found a transporter.
 16392 | Gauntlet | Identified the ring of Tecijecati {Will+ rCorr Int+7
                  | Slay-4}
 16517 | Gauntlet | Identified the amulet of Uplalih {Spirit rElec Str+4}
 16570 | Gauntlet | Identified the +9 great sword of the Evening {drain, rPois
                  | rF+ Stlth-}
 16665 | Gauntlet | Identified the +5 morningstar of Keimnusch {venom, Contam
                  | +Blink rElec Int+6}
 16898 | D:13     | Acquired a +1 spectral giant club
 17310 | D:13     | Reached skill level 18 in Fighting
 17437 | D:13     | Reached skill level 15 in Maces & Flails
 17589 | D:13     | Reached ****** piety under Wu Jian
 17948 | D:14     | Reached XP level 15. HP: 103/178 MP: 15/15
 18046 | D:14     | Found a runed translucent gate.
 18046 | D:14     | Found a runed translucent gate.
 18048 | D:14     | Found a runed translucent gate.
 18049 | D:14     | Found an opulent altar of Gozag.
 18050 | D:14     | Noticed SirDiesAlot's ghost (journeyman MiFi)
 18073 | D:14     | Upgraded the game from 0.30-a0-540-g0af01429fa to
                  | 0.30-a0-553-g7fabdf1491
 18333 | D:14     | Paralysed by a floating eye for 3 turns
 18506 | D:14     | Found a gate to the Vaults.
 18614 | D:14     | Found Eraust's Assorted Antiques.
 18751 | D:15     | Entered Level 15 of the Dungeon
 18826 | D:15     | Found a frozen archway.
 18839 | IceCv    | Entered an ice cave
 18939 | IceCv    | Reached skill level 19 in Fighting
 19279 | IceCv    | Noticed an Ice Fiend
 19279 | IceCv    | Noticed an Ice Fiend
 19512 | IceCv    | Mangled by a golden dragon simulacrum

Illustrated notes

Levels and vault maps discovered:
D:1:      nicolae_arrival_memento_mori, layout_loops_cross,
          ebering_ecumenical_altar_abandoned
D:2:      layout_loops_ring, eino_curves_04, uniq_terence
D:3:      layout_basic, serial_shops, shop, serial_aquarium,
          aquarium_bridge_long_separate [aquarium_subvault_wall,
          aquarium_subvault_balcony, aquarium_subvault_bridge,
          aquarium_subvault_window, aquarium_subvault_wall,
          aquarium_subvault_bridge], aquarium_window_1, aquarium_window_2,
          aquarium_window_1, aquarium_window_corridor_1, aquarium_view_2f,
          aquarium_balcony_double_1, hellmonk_ghost_happy_afterlife, uniq_robin,
          uniq_natasha, uniq_crazy_yiuf_cottage
D:4:      layout_loops_ring
D:5:      layout_cave_pools, nicolae_ru_path_of_blood, uniq_duvessa
D:6:      layout_loops_ring, kennysheep_orc_sif_temple, jmf_multi_god_temple2,
          feat_on_display
D:7:      layout_basic, vehumet_altar_wand_db, trog_ov_bears_minmay,
          minmay_temple_entry_hall, dk_vineyard_1
D:8:      layout_loops_ring, elyvilon_altar_4, kiku_gazebo_garden_becter,
          lair_entry_dummy, st_stairs_4
D:9:      layout_loops_ring, hiddenorc2_lemuel, kennysheep_generic_room_2
D:10:     layout_roguey, nicolae_underground_beach
D:11:     layout_gridville, nicolae_trove_entry_isolated
D:12:     layout_rooms, minmay_misc_feat_columns, fountainhead
D:13:     layout_cave_pods, gauntlet_entry_generic, minmay_fractal_squares_5
D:14:     layout_cave_pools, david_vaults_1, ebering_ghost_gozag, serial_park,
          serial_park_paths [serial_park_minivault_5x5_8], serial_park_square3
          [serial_park_minivault_5x5_5], serial_park_square3
          [serial_park_minivault_5x5_5], chequers_serial_rivers_room_a,
          kennysheep_opposing_triangles
D:15:     grunt_enter_depths_magical_seal, layout_gridville,
          portal_ice_cave_entry_dragon, uniq_josephine
Lair:1:   layout_regular_city, serial_bayou_shore_b, serial_bayou_shore_b,
          grunt_megastairs_3, lemuel_fruit_fields
Lair:2:   layout_roguey, hellmonk_spider_entry_life_and_decay,
          serial_bayou_pond_d, chequers_serial_rivers_micro_b,
          infiniplex_staircase_pool, serial_bayou_shore_b, uniq_gastronok
Lair:3:   layout_chaotic_city, elwin_shoals_entry_rooms
Lair:4:   layout_regular_city, slime_entry_1, grunt_megastairs_1
Lair:5:   guppyfry_lair_end_dragon, layout_regular_city, worms_lemuel
IceCv:    ice_cave_tombish

Skill      XL: |  1  2  3  4  5  6  7  8  9 10 11 12 13 14 15 |
---------------+----------------------------------------------+-----
Stealth        | 3 |  3.0
Dodging        | 1 2 4 6 8 9 |  9.2
Fighting       | 3 4 5 6 7 9 10 12 14 15 17 18 19 | 19.1
Short Blades   | 2 |  2.0
Maces & Flails | 1 2 3 4 6 7 8 10 12 13 15 16 | 16.3
Throwing       | 3 4 5 7 10 11 12 | 12.9
Armour         | 1 4 |  4.6

Action                   |  1- 3 |  4- 6 |  7- 9 | 10-12 | 13-15 || total
-------------------------+-------+-------+-------+-------+-------++-------
Melee: Dagger            |   102 |       |       |       |       ||   102
       Punch             |     1 |     1 |     4 |    14 |       ||    20
       Whip              |    12 |   174 |   428 |   778 |       ||  1392
       Giant spiked club |       |       |       |    39 |   375 ||   414
       Giant club        |       |       |       |       |   258 ||   258
Throw: Dart              |     6 |    22 |     7 |    30 |    12 ||    77
       Javelin           |       |       |     3 |    13 |     1 ||    17
       Large rock        |       |       |       |     7 |    13 ||    20
       Boomerang         |       |       |       |     1 |    24 ||    25
       Throwing net      |       |       |       |     1 |       ||     1
Invok: Lunge             |     7 |    16 |    27 |    27 |    44 ||   121
       Whirlwind         |     4 |     3 |     5 |    34 |   153 ||   199
       Serpent's Lash    |       |       |     6 |    10 |    14 ||    30
       Heavenly Storm    |       |       |       |     1 |       ||     1
 Abil: Wall Jump         |       |       |       |     1 |       ||     1
Evoke: Wand              |       |       |       |     2 |       ||     2
  Use: Scroll            |       |    11 |     8 |    12 |    15 ||    46
       Potion            |       |       |       |     7 |     7 ||    14
 Stab: Sleeping          |     6 |     6 |     6 |     8 |     3 ||    29
       Distracted        |       |       |     1 |       |     3 ||     4
       Invisible         |       |       |       |       |     4 ||     4
       Petrifying        |       |       |       |       |     1 ||     1
Armor: Robe              |    45 |    29 |       |       |       ||    74
       Animal skin       |       |    22 |   141 |     1 |       ||   164
       Troll leather arm |       |       |       |   194 |    92 ||   286
       Fire dragon scale |       |       |       |       |   193 ||   193
Dodge: Dodged            |    38 |    61 |   158 |   325 |   324 ||   906

Table legend: (Time is in decaauts)
 A = Elapsed time spent in this place.
 B = Non-inter-level travel time spent in this place.
 C = Inter-level travel time spent in this place.
 D = Time resting spent in this place.
 E = Time spent auto-exploring this place.
 F = Levels seen in this place.
 G = Mean time per level.
                   A        B        C        D        E       F      G
               +--------+--------+--------+--------+--------+-----+--------+
         Total |  19765 |  19006 |    759 |    509 |  14613 |  22 |  898.4 |
       Dungeon |  12897 |  12346 |    551 |    284 |   9564 |  15 |  859.8 |
          Lair |   5479 |   5272 |    207 |     97 |   4095 |   5 | 1095.8 |
      Ice Cave |    680 |    680 |      0 |    128 |    419 |   1 |  680.0 |
      Gauntlet |    708 |    708 |      0 |      0 |    533 |   1 |  708.0 |
               +--------+--------+--------+--------+--------+-----+--------+

Top non-repeatable levels by time:
  Lair:5: 1468 daAuts
  Lair:2: 1301 daAuts
     D:6: 1242 daAuts
    D:13: 1172 daAuts
     D:3: 1095 daAuts
     D:1: 1063 daAuts
     D:9: 1031 daAuts
     D:4: 1025 daAuts
  Lair:1: 988 daAuts
     D:2: 985 daAuts
     D:7: 980 daAuts
  Lair:4: 941 daAuts
    D:14: 924 daAuts
    D:10: 814 daAuts
  Lair:3: 779 daAuts
